 Dungeon Crawl Stone Soup version 0.22.0-49-gab54619 (webtiles) character file.

1353 Fang the Chopper (level 8, -5/76 HPs)
             Began as a Gargoyle Berserker on Sept 5, 2018.
             Was a Priest of Trog.
             Slain by an orc warrior
             ... wielding a +0 war axe
              (14 damage)
             ... on level 6 of the Dungeon.
             The game lasted 00:07:42 (6278 turns).

Fang the Chopper (Gargoyle Berserker)               Turns: 6278, Time: 00:07:42

Health: -5/76      AC:  7    Str: 28    XL:     8   Next: 63%
Magic:  8/8        EV: 13    Int:  8    God:    Trog [***...]
Gold:   226        SH:  0    Dex:  9    Spells: 7/7 levels left

rFire    . . .     SeeInvis .   x - +0 hand axe (freeze)
rCold    . . .     Gourm    .   (no shield)
rNeg     + . .     Faith    .   b - +0 animal skin
rPois    ∞         Spirit   .   (no helmet)
rElec    +         Reflect  .   (no cloak)
rCorr    .         Harm     .   (no gloves)
MR       .....                  (no boots)
Stlth    ..........             q - amulet of rage
HPRegen  0.22/turn              (no ring)
MPRegen  0.11/turn              (no ring)

@: berserking, very quick
A: negative energy resistance 1, electricity resistance, unbreathing,
petrification resistance, rot immunity, AC +5
a: Berserk, Trog's Hand, Renounce Religion, Evoke Berserk Rage


You were on level 6 of the Dungeon.
You worshipped Trog.
Trog was most pleased with you.
You were very hungry.

You visited 2 branches of the dungeon, and saw 7 of its levels.

You collected 226 gold pieces.

Inventory:

Hand Weapons
 a - a +0 hand axe
 x - a +0 hand axe of freezing (weapon)
Armour
 b - a +0 animal skin (worn)
Jewellery
 q - an amulet of rage (around neck)
 v - an uncursed ring of resist corrosion {unknown}
Wands
 i - a wand of enslavement (15)
Scrolls
 e - 5 scrolls of teleportation {unknown}
 f - a scroll of fog {unknown}
 j - 4 scrolls of remove curse {unknown}
 k - 3 scrolls of identify {unknown}
 n - a scroll of amnesia {unknown}
 o - 2 scrolls of noise {unknown}
 p - a scroll of fear {unknown}
 r - 4 scrolls of immolation {unknown}
 u - a scroll of enchant armour {unknown}
Potions
 d - 4 potions of curing {unknown}
 g - 2 potions of agility {unknown}
 h - 3 potions of haste {unknown}
 l - 3 potions of heal wounds {unknown}
 m - a potion of might {unknown}
 s - a potion of degeneration {unknown}
 t - a potion of cancellation {unknown}
 w - a potion of lignification {unknown}
 z - a potion of mutation {unknown}
Comestibles
 c - 6 rations


   Skills:
 + Level 5.7 Fighting
 + Level 7.2 Axes
 + Level 2.2 Armour
 + Level 4.3 Dodging
 + Level 3.3 Stealth


You had 7 spell levels left.
You didn't know any spells.
Your spell library was empty.

Dungeon Overview and Level Annotations

Branches:
Dungeon (6/15)             Temple (1/1) D:6

Altars:
Gozag
Trog

Annotations:
D:3 2 transporters


Innate Abilities, Weirdness & Mutations

You are resistant to torment.
Your stone body is resilient. (AC +5)
You are immune to poison.
You resist negative energy. (rN+)
You are resistant to electric shocks. (rElec)
You can survive without breathing.
You are immune to petrification.
You are immune to rotting.


Message History

The orc warrior is lightly wounded.
You hit the phantom but do no damage.
Unknown command.
You barely miss the orc warrior.
The orc warrior is lightly wounded.
You hit the phantom.
The phantom hits you but does no damage.
The orc warrior hits you with a war axe!
* * * LOW HITPOINT WARNING * * *
Unknown command.
You hit the orc warrior. You freeze the orc warrior.
The orc warrior is moderately wounded.
You closely miss the phantom.
The phantom hits you but does no damage.
Unknown command.
You hit the orc warrior but do no damage.
The orc warrior is moderately wounded.
You barely miss the phantom.
The orc warrior hits you with a war axe!
You die...

#....#..### #......
.........## #.......
.###......###.......#
##..###.........#
#.####..###....#
#........##....##
#............[..#
.....####..o...##
....## #)@W#.## .
#)##..# #.. ..# #..
o..# .... ##.. ##..
##.


You could see a phantom and an orc warrior.

Vanquished Creatures
  Prince Ribbit (D:4)
  A water moccasin (D:6)
  3 ogres
  Blork the orc (D:4)
  A bullfrog (D:6)
  A scorpion (D:5)
  A water moccasin skeleton (D:6)
  A vampire bat (D:4)
  A crimson imp (D:6)
  2 hounds (D:4)
  Crazy Yiuf (D:2)
  A bullfrog skeleton (D:5)
  An orc priest (D:6)
  5 worker ants
  A worker ant zombie (D:5)
  4 adders
  A shadow imp (D:5)
  2 oozes (D:2)
  2 worms
  A dart slug (D:2)
  3 fire bats (D:4)
  2 leopard geckos
  5 orcs
  2 spectral bats (D:4)
  A ball python (D:2)
  20 bats
  3 bat skeletons (D:4)
  A bat zombie (D:4)
  4 giant cockroaches
  6 goblins
  9 hobgoblins
  2 quokkas (D:3)
  A bat simulacrum (D:4)
  7 frilled lizards
  7 kobolds
  12 rats
117 creatures vanquished.

Notes
Turn   | Place    | Note
-------+----------+-------------------------------------------
     0 | D:1      | Fang the Gargoyle Berserker began the quest for the Orb.
     0 | D:1      | Reached XP level 1. HP: 14/14 MP: 1/1
   123 | D:1      | Reached XP level 2. HP: 14/19 MP: 2/2
   132 | D:1      | Reached skill level 3 in Axes
   578 | D:1      | Reached XP level 3. HP: 23/24 MP: 3/3
   865 | D:1      | Reached ** piety under Trog
  1527 | D:2      | Reached XP level 4. HP: 29/29 MP: 4/4
  1815 | D:2      | Found a runed door.
  2031 | D:2      | Noticed Crazy Yiuf
  2038 | D:2      | Killed Crazy Yiuf
  2038 | D:2      | Reached skill level 4 in Axes
  2038 | D:2      | Reached skill level 1 in Stealth
  2038 | D:2      | Reached XP level 5. HP: 33/33 MP: 5/5
  2398 | D:3      | Reached *** piety under Trog
  2423 | D:3      | Found a transporter.
  2452 | D:3      | Found a transporter.
  2591 | D:3      | Noticed an ogre
  2598 | D:3      | Killed an ogre
  2920 | D:3      | Reached XP level 6. HP: 38/38 MP: 6/6
  3012 | D:4      | Noticed Blork the orc
  3030 | D:4      | Killed Blork the orc
  3372 | D:4      | Reached skill level 5 in Axes
  3784 | D:4      | Reached XP level 7. HP: 25/44 MP: 7/7
  4581 | D:5      | Entered Level 5 of the Dungeon
  4663 | D:5      | Noticed Prince Ribbit
  4687 | D:4      | Killed Prince Ribbit
  4687 | D:4      | Reached skill level 5 in Fighting
  4687 | D:4      | Reached skill level 6 in Axes
  4687 | D:4      | Reached XP level 8. HP: 19/49 MP: 8/8
  6113 | D:6      | Found a staircase to the Ecumenical Temple.
  6220 | D:6      | Reached skill level 7 in Axes
  6250 | Temple   | Entered the Ecumenical Temple
  6278 | D:6      | Slain by an orc warrior

Skill      XL: |  1  2  3  4  5  6  7  8 |
---------------+-------------------------+-----
Axes           | 3 4 5 6 7 |  7.2
Dodging        | 2 3 4 |  4.3
Fighting       | 4 5 |  5.7
Stealth        | 1 2 3 |  3.3
Armour         | |  2.2

Action                   |  1- 3 |  4- 6 |  7- 9 || total
-------------------------+-------+-------+-------++-------
Melee: Hand axe          |   134 |   176 |   150 ||   460
Invok: Berserk           |     1 |     4 |     2 ||     7
 Stab: Sleeping          |     2 |     4 |       ||     6
  Eat: Chunk             |     3 |    11 |     5 ||    19
       Ration            |       |       |     1 ||     1
Armor: Animal skin       |    48 |    85 |    38 ||   171
Dodge: Dodged            |    98 |   176 |   109 ||   383
